 Dungeon Crawl Stone Soup version 0.29.1-2-gbd0b4ee654 (webtiles) character file.

Game seed: 2067447972446929937

2943 oldmanjim the Magician (level 10, -10/71 HPs)
             Began as a Djinni Conjurer on Oct 25, 2022.
             Was a Follower of Nemelex Xobeh.
             Mangled by a gnoll sergeant
             ... wielding a +4 glaive
              (11 damage)
             ... in a bailey.
             The game lasted 01:23:37 (8587 turns).

oldmanjim the Magician (Djinni Conjurer)            Turns: 8587, Time: 01:23:38

Health: -10/71     AC:  7    Str:  6    XL:     10   Next: 7%
Gold:   336        EV: 12    Int: 24    God:    Nemelex Xobeh [*.....] SH: 11 Dex: 18

rFire   + + .      SeeInvis .   a - +2 dagger (protect)
rCold   . . .      Faith    .   t - +0 buckler
rNeg    . . .      Spirit   .   j - +0 leather armour
rPois   ∞          Reflect  +   e - +0 helmet
rElec   .          Harm     .   u - +1 cloak
rCorr   .          Rampage  .   f - +0 pair of gloves
Will    +....                   (boots unavailable)
Stlth   ++........              s - amulet of reflection
HPRegen 0.21/turn               r - +6 ring of dexterity
MPRegen 0.00/turn               y - ring of protection from cold

@: flying, very slightly contaminated
A: sickness immunity, fire resistance 2, cold vulnerability 1, float, innate
caster, HP casting, extra vitality 1
a: Renounce Religion, Draw Escape, Draw Destruction, Draw Summoning


You were in a bailey.
You worshipped Nemelex Xobeh.
Nemelex Xobeh was aware of your devotion.
You visited 2 branches of the dungeon, and saw 8 of its levels.
You also visited: Sewer and Bailey.

You collected 336 gold pieces.

Inventory:

Hand Weapons
 a - a +2 dagger of protection (weapon)
 J - a +2 dagger of venom
Missiles
 g - 68 stones
 l - 21 poisoned darts
Armour
 e - a +0 helmet (worn)
 f - a +0 pair of gloves (worn)
 h - a +0 robe
 j - a +0 leather armour (worn)
 t - a +0 buckler (worn)
 u - a +1 cloak (worn)
 F - the +8 scale mail of Anaesthesia {*Slow rElec rCorr SInv}
   (You took it off a gnoll on level 4 of the Dungeon)

   rElec:     It insulates you from electricity.
   SInv:      It lets you see invisible.
   rCorr:     It protects you from acid and corrosion.
   *Slow:     It may slow you when you take damage.
Magical Staves
 A - a staff of cold
Jewellery
 r - a +6 ring of dexterity (left hand)
 s - an amulet of reflection (around neck)
 y - a ring of protection from cold (right hand)
Wands
 v - a wand of mindburst (1)
 C - a wand of flame (9)
Scrolls
 b - a scroll of magic mapping {unknown}
 c - a scroll of fog
 d - 2 scrolls of immolation
 i - a scroll of fear
 n - 3 scrolls of vulnerability
 p - 3 scrolls of poison {unknown}
 q - a scroll of amnesia {unknown}
 B - a scroll of enchant weapon {unknown}
 D - a scroll of teleportation {unknown}
 E - 2 scrolls of blinking {unknown}
Potions
 k - 5 potions of curing
 m - a potion of might
 o - 6 potions of flight
 w - 3 potions of attraction
 x - 2 potions of heal wounds
 z - a potion of ambrosia {unknown}
 G - a potion of lignification {unknown}
 H - 2 potions of mutation
 I - 2 potions of brilliance {unknown}
 K - a potion of cancellation {unknown}


   Skills:
 + Level 5.6 Fighting
 + Level 4.1 Dodging
 - Level 1.5 Stealth
 - Level 5.0 Shields
 + Level 7.2 Spellcasting
 + Level 5.6 Invocations


You had one spell level left.
You knew the following spells:

 Your Spells              Type           Power      Damage    Failure   Level
a - Magic Dart            Conj           100%       1d8       1%          1
b - Searing Ray           Conj           86%        2d7       1%          2
c - Dazzling Flash        Conj/Hex       86%        N/A       2%          3
d - Fulminant Prism       Conj/Hex       21%        3d13      7%          4
e - Iskenderun's Mystic   Conj/Tloc      43%        2d10      7%          4
f - Apportation           Tloc           86%        N/A       1%          1
g - Scorch                Fire           86%        2d9       1%          2
h - Ensorcelled Hibernat  Hex/Ice        86%        N/A       1%          2
i - Mephitic Cloud        Conj/Pois/Air  43%        N/A       2%          3
Your spell library was empty.

Dungeon Overview and Level Annotations

Branches:
Dungeon (7/15)             Temple (1/1) D:4           Sewer (visited)
 Bailey (1/1)

Altars:
Ashenzari
Dithmenos
Elyvilon
Fedhas
Gozag
Hepliaklqana
Nemelex Xobeh
Okawaru
Qazlal
Ru
Uskayaw
Wu Jian
Xom
Yredelemnul
Zin
The Shining One

Shops:
D:4 [

Annotations:
D:4 Eustachio
D:6 2 transporters


Innate Abilities, Weirdness & Mutations

You are immune to sickness and miasma.
You are immune to poison.
Your flesh is very heat resistant. (rF++)
You are vulnerable to cold. (rC-)
You float through the air rather than walking.
You learn spells naturally, not from books.
Your magical power is your life essence.
You have superior vitality. (+4 MHP)


Message History

Your weapon exudes an aura of protection.
The gnoll sergeant is almost dead.
Your attacks no longer feel as feeble.
You block the gnoll sergeant's attack.
You hit the gnoll sergeant but do no damage.
The gnoll sergeant is almost dead.
The gnoll sergeant hits you with a +4 glaive.
* * * LOW HITPOINT WARNING * * *
Casting: Ensorcelled Hibernation (safe; 1% risk of failure)
Confirm with . or Enter, or press ? or * to list all spells.
Aiming: Searing Ray (safe; 1% risk of failure)
Press: ? - help, Shift-Dir - straight line, f/p - gnoll sergeant
Aim: a gnoll sergeant, wielding a +4 glaive and wearing a +0 plate armour (almost dead, covering ground quickly, 91% to hit)
You miscast Searing Ray.
You are very lightly contaminated with residual magic.
Nothing appears to happen.
* * * LOW HITPOINT WARNING * * *
You block the gnoll sergeant's attack.
Casting: Searing Ray (safe; 1% risk of failure)
Confirm with . or Enter, or press ? or * to list all spells.
Aiming: Searing Ray (safe; 1% risk of failure)
Press: ? - help, Shift-Dir - straight line, f/p - gnoll sergeant
Aim: a gnoll sergeant, wielding a +4 glaive and wearing a +0 plate armour (almost dead, covering ground quickly, 91% to hit)
The searing ray hits the gnoll sergeant but does no damage.
The gnoll sergeant is almost dead. (Press . to maintain the ray.)
* * * LOW HITPOINT WARNING * * *
You block the gnoll sergeant's attack.
A gnoll sergeant comes into view. It is wielding a +0 glaive.
The searing ray hits the gnoll sergeant but does no damage.
The gnoll sergeant is almost dead.
* * * LOW HITPOINT WARNING * * *
The gnoll sergeant hits you with a +4 glaive!
* * * LOW HITPOINT WARNING * * *
The searing ray hits the gnoll sergeant.
The gnoll sergeant is almost dead.
* * * LOW HITPOINT WARNING * * *
The gnoll sergeant hits you with a +4 glaive!
You die...
Your body disappears without a glow.

### ♣∩♣ ♣(♣
♣♣@♣♣ ♣.g.♣
♣..)....♣
...........♣
...............
≈≈≈≈≈≈...≈≈≈≈≈≈
.......g.......
...............
######+++######


You could see 2 gnoll sergeants.

Vanquished Creatures
  Joseph (D:7)
  Sigmund (D:3)
  Edmund (D:4)
  An orc warrior (D:6)
  5 black bears
  2 ogres
  2 kobold brigands
  A scorpion (D:7)
  6 killer bees (D:7)
  2 howler monkeys
  A crimson imp (D:5)
  9 hounds
  A gnoll bouda (Bailey)
  3 jellies
  Ijyb (D:4)
  Jessica (D:3)
  3 iguanas
  4 orc wizards
  Terence (D:3)
  Robin (D:4)
  19 gnolls
  3 adders
  2 river rats (Sewer)
  A shadow imp (D:6)
  A white imp (D:5)
  An ufetubus (D:4)
  2 worms (D:2)
  2 dart slugs
  19 orcs
  10 ball pythons
  5 bats
  3 endoplasms
  3 giant cockroaches
  17 goblins
  14 hobgoblins
  7 jackals
  21 kobolds
  2 quokkas
  5 frilled lizards
  6 rats
190 creatures vanquished.

Vanquished Creatures (others)
  29 fulminant prisms
  9 plants (D:4)
38 creatures vanquished.

Grand Total: 228 creatures vanquished

Notes
Turn   | Place    | Note
-------+----------+-------------------------------------------
     0 | D:1      | oldmanjim the Djinni Conjurer began the quest for the Orb.
     0 | D:1      | oldmanjim set off with the following spells memorised:
                  | Magic Dart, Searing Ray, Dazzling Flash, Fulminant Prism,
                  | Iskenderun's Mystic Blast.
     0 | D:1      | Reached XP level 1. HP: 15/15 MP: 0/0
   277 | D:1      | Reached XP level 2. HP: 19/21 MP: 0/0
   760 | D:1      | Reached XP level 3. HP: 21/25 MP: 0/0
   760 | D:1      | Learned a level 1 spell: Apportation
  1076 | D:1      | Reached skill level 4 in Spellcasting
  1764 | D:2      | Found a faded altar of an unknown god.
  1799 | D:2      | Reached XP level 4. HP: 26/31 MP: 0/0
  2645 | D:3      | Reached skill level 1 in Fighting
  2767 | D:3      | Reached skill level 1 in Shields
  2769 | D:3      | Reached XP level 5. HP: 33/37 MP: 0/0
  2769 | D:3      | Learned a level 2 spell: Scorch
  2806 | D:3      | Noticed Sigmund
  2807 | D:3      | Noticed Terence
  2818 | D:3      | Killed Terence
  2819 | D:3      | Killed Sigmund
  2820 | D:3      | Reached XP level 6. HP: 23/43 MP: 0/0
  3049 | D:3      | Found a sparkling altar of Nemelex Xobeh.
  3473 | D:3      | Found a glowing golden altar of the Shining One.
  3525 | D:3      | Noticed Jessica
  3530 | D:3      | Killed Jessica
  3531 | D:3      | Reached skill level 5 in Spellcasting
  3706 | D:3      | Became a worshipper of Nemelex Xobeh the Trickster
  3725 | D:4      | Found a broken altar of Ashenzari.
  3725 | D:4      | Found a hazy altar of Hepliaklqana.
  3725 | D:4      | Found a white marble altar of Elyvilon.
  3778 | D:4      | Noticed Ijyb
  3792 | D:4      | Killed Ijyb
  3793 | D:4      | Reached XP level 7. HP: 41/49 MP: 0/0
  3793 | D:4      | Learned a level 2 spell: Ensorcelled Hibernation
  3914 | D:4      | Identified the +8 scale mail of Anaesthesia {*Slow rElec
                  | rCorr SInv}
  4031 | D:4      | Noticed Edmund
  4039 | D:4      | Killed Edmund
  4119 | D:4      | Found a staircase to the Ecumenical Temple.
  4128 | Temple   | Entered the Ecumenical Temple
  4490 | D:4      | Noticed Eustachio
  4794 | D:4      | Found Valokhly's Armour Boutique.
  4844 | D:4      | Reached XP level 8. HP: 53/54 MP: 0/0
  4944 | D:4      | Noticed Robin
  4959 | D:4      | Killed Robin
  5068 | D:5      | Entered Level 5 of the Dungeon
  5086 | D:5      | Reached skill level 5 in Shields
  5196 | D:5      | Reached skill level 1 in Invocations
  5441 | D:5      | Reached skill level 6 in Spellcasting
  6027 | D:5      | Found an ornate altar of the Wu Jian Council.
  6166 | D:5      | Found a basalt altar of Yredelemnul.
  6556 | D:6      | Reached XP level 9. HP: 55/61 MP: 0/0
  6556 | D:6      | Learned a level 3 spell: Mephitic Cloud
  6687 | D:6      | Noticed a fire crab
  6688 | D:6      | Found a transporter.
  6764 | D:6      | Found a glowing drain.
  6769 | Sewer    | Entered a sewer
  6974 | Sewer    | Found a white marble altar of Elyvilon.
  7153 | D:6      | Noticed a kobold demonologist
  7175 | D:6      | Reached * piety under Nemelex Xobeh
  7236 | D:6      | Noticed a kobold demonologist
  7242 | D:6      | Found a transporter.
  7334 | D:6      | Reached skill level 7 in Spellcasting
  8224 | D:7      | Reached skill level 5 in Fighting
  8228 | D:7      | Received a gift from Nemelex Xobeh
  8276 | D:7      | Reached skill level 5 in Invocations
  8294 | D:7      | Noticed Joseph
  8313 | D:7      | Killed Joseph
  8314 | D:7      | Reached XP level 10. HP: 4/70 MP: 0/0
  8469 | D:7      | Found a flagged portal.
  8478 | Bailey   | Entered a bailey
  8586 | Bailey   | HP: 2/71 [gnoll sergeant/+4 glaive (10)]
  8587 | Bailey   | Mangled by a gnoll sergeant

Illustrated notes

Levels and vault maps discovered:
D:1:      giann_forest_graveyard, layout_rooms
D:2:      layout_basic, hellmonk_ecumenical_altar_heavens_door,
          kennysheep_generic_room_15
D:3:      layout_loops_ring, nicolae_overflow_squiral, uniq_sigmund,
          uniq_terence, uniq_jessica
D:4:      layout_basic, grunt_temple_overflow_open,
          minmay_temple_entry_enclosed_plants, serial_shops,
          nicolae_lakefront_shop, uniq_robin, uniq_edmund, uniq_ijyb,
          uniq_eustachio
D:5:      layout_rooms, lemuel_doored_altar, yredelemnul_altar_generic,
          minmay_fire_ice_demons
D:6:      gammafunk_wand_slinger, layout_loops_corners, portal_sewer_entry_e,
          hangedman_decor_riveting
D:7:      layout_rooms, lightli_temple_of_fire, enter_bailey_2, uniq_joseph
Temple:   cyrus_temple_forest
Bailey:   bailey_polearm_gnolls_kennysheep, bailey

Skill      XL: |  1  2  3  4  5  6  7  8  9 10 |
---------------+-------------------------------+-----
Spellcasting   | 4 5 6 7 |  7.2
Fighting       | 1 2 3 5 |  5.6
Shields        | 1 3 4 5 |  5.0
Invocations    | 3 5 |  5.6
Dodging        | 3 4 |  4.1
Stealth        | |  1.5

Action                   |  1- 3 |  4- 6 |  7- 9 | 10-12 || total
-------------------------+-------+-------+-------+-------++-------
Melee: Dagger            |       |       |     7 |     2 ||     9
 Cast: Magic Dart        |    70 |    43 |   158 |    13 ||   284
       Searing Ray       |     3 |    14 |    36 |     6 ||    59
       Fulminant Prism   |       |       |    24 |     5 ||    29
       Ensorcelled Hiber |       |       |     1 |     1 ||     2
       Iskenderun's Myst |       |       |     1 |       ||     1
Evoke: Wand              |       |     4 |       |     3 ||     7
  Use: Scroll            |       |       |     9 |     1 ||    10
       Potion            |       |       |       |     1 ||     1
 Stab: Sleeping          |       |       |     1 |       ||     1
Armor: Robe              |     2 |       |       |       ||     2
       Leather armour    |       |     2 |    14 |     3 ||    19
Dodge: Dodged            |     8 |     5 |    31 |     3 ||    47
Block: Other             |       |     1 |       |       ||     1
       Buckler           |       |       |    45 |    10 ||    55
       Reflection        |       |       |     9 |       ||     9
